 Dungeon Crawl Stone Soup version 0.29.1-12-g30fa7ad0bf (webtiles) character file.

Game seed: 10038012638782098417

2016 nachturnus the Covert (level 9, -10/61 HPs)
             Began as a Vampire Brigand on Jan 2, 2023.
             Was an Initiate of Dithmenos.
             Mangled by a hornet (13 damage)
             ... on level 7 of the Dungeon.
             The game lasted 00:27:51 (7075 turns).

nachturnus the Covert (Vampire Brigand)             Turns: 7075, Time: 00:27:52

Health: -10/61     AC:  6    Str: 10    XL:     9   Next: 3%
Magic:  9/9        EV: 11    Int: 13    God:    Dithmenos [......]
Gold:   1067       SH:  0    Dex: 20    Spells: 8/8 levels left

rFire   . . .      SeeInvis +   I - +1 short sword (elec)
rCold   . . .      Faith    .   (no shield)
rNeg    . . .      Spirit   .   t - +0 leather armour
rPois   .          Reflect  .   (helmet restricted)
rElec   .          Harm     .   c - +0 cloak
rCorr   .          Rampage  .   (no gloves)
Will    .....                   u - +1 pair of boots
Stlth   +++++.....              o - amulet of regeneration
HPRegen 1.20/turn               z - ring of flight
MPRegen 0.11/turn               (no ring)

@: lethally poisoned (-10 -> -14), flying, healing quickly, slowed, very slow
A: alive, fangs 3, see invisible, vampiric 2, antennae 1, talons 1, wild magic 1
a: Exsanguinate, Renounce Religion


You were on level 7 of the Dungeon.
You worshipped Dithmenos.
Dithmenos was noncommittal.
You visited 2 branches of the dungeon, and saw 9 of its levels.

You collected 1067 gold pieces.

Inventory:

Hand Weapons
 a - a +2 dagger
 m - a +2 dagger of electrocution
 I - a +1 short sword of electrocution (weapon)
Missiles
 d - 19 poisoned darts (quivered)
 e - 3 curare-tipped darts
 w - 3 throwing nets
Armour
 c - a +0 cloak (worn)
 q - a +0 helmet
 t - a +0 leather armour (worn)
 u - a +1 pair of boots (worn)
Jewellery
 o - an amulet of regeneration (around neck)
 z - a ring of flight (left hand)
 A - an amulet of reflection
 E - a ring of ice
Wands
 s - a wand of digging (1)
 B - a wand of charming (17)
 C - a wand of flame (18)
 D - a wand of iceblast (14)
Scrolls
 b - a scroll of fear
 n - 3 scrolls of magic mapping
 x - a scroll of brand weapon
Potions
 f - a potion of magic
 g - 3 potions of haste
 h - a potion of might {unknown}
 i - a potion of berserk rage {unknown}
 j - a potion of resistance
 k - 2 potions of ambrosia
 l - 6 potions of curing
 p - a potion of lignification {unknown}
 F - a potion of flight {unknown}


   Skills:
 - Level 1.7 Fighting
 * Level 10.8 Short Blades
 - Level 1.5 Throwing
 - Level 1.1 Dodging
 + Level 12.0 Stealth


You had 8 spell levels left.
You didn't know any spells.
Your spell library contained the following spells:

 Spells                   Type           Power      Damage    Failure   Level
 Ensorcelled Hibernation  Hex/Ice        0%         N/A       63%         2
 Passwall                 Tmut/Erth      0%         N/A       63%         2
 Swiftness                Air            0%         N/A       83%         3


Dungeon Overview and Level Annotations

Branches:
Dungeon (8/15)             Temple (1/1) D:4
   Lair: D:8-11

Altars:
Ashenzari
Dithmenos
Gozag
Hepliaklqana
Nemelex Xobeh
Qazlal
Ru
Sif Muna
Trog
Vehumet
Wu Jian
Xom

Annotations:
D:7 1 runed translucent door


Innate Abilities, Weirdness & Mutations

Your natural rate of healing is accelerated.
You have razor-sharp teeth.
You have supernaturally acute eyesight. (SInv)
You are afflicted with vampirism and can become a bat while bloodless.
You have a pair of small antennae on your head.
You have sharp toenails.
Your spells are a little harder to cast, but a little more powerful.


Message History

The gnoll misses you. The gnoll attacks as you move away!
The gnoll barely misses you. The gnoll hits you but does no damage.
The gnoll misses you.
You see here a +0 leather armour.
The hornet attacks as you move away! The hornet misses you.
There is a stone staircase leading up here.
The hornet stings you.
You feel yourself slow down. The gnoll hits you but does no damage.
The hornet stings you but does no damage.
You fly upwards.
Level annotation: 1 runed translucent door
There is a stone staircase leading down here.
You closely miss the hornet. You bite the hornet, but do no damage.
The hornet stings you.
You are poisoned.
You feel as though you will be slow longer.
You completely miss the hornet.
You feel very sick.
The hornet stings you but does no damage.
You closely miss the hornet.
You feel sick. The hornet closely misses you. The hornet stings you!
You feel as though you will be slow longer.
You hit the hornet but do no damage.
You feel sick. The hornet stings you.
You feel as though you will be slow longer.
You hit the hornet but do no damage. You bite the hornet, but do no damage.
You feel sick. The hornet stings you!
* * * LOW HITPOINT WARNING * * *
You feel as though you will be slow longer.
You hit the hornet but do no damage.
You feel sick. The hornet closely misses you.
You barely miss the hornet.
You feel sick. The hornet stings you.
* * * LOW HITPOINT WARNING * * *
You feel as though you will be slow longer.
You hit the hornet but do no damage.
You feel sick. The hornet stings you!
* * * LOW HITPOINT WARNING * * *
You are lethally poisoned!
You feel as though you will be slow longer.
The hornet stings you!
You die...

#.##....#...#.###.
#<....#.#...#.....
#.....#.#...######
#.#####.##..# #.#
#.....# #.#
#####.# #.# #.#
#y# #.# #@# #.#
#.#########.#
#...........#
#.########### ###


You could see a hornet.

Vanquished Creatures
  Joseph (D:7)
  A water moccasin (D:7)
  2 ice beasts
  2 black bears
  A centaur (D:5)
  A kobold brigand (D:5)
  A necrophage (D:5)
  4 scorpions
  4 wights (D:7)
  Crazy Yiuf (D:6)
  A gnoll bouda (D:4)
  2 hounds (D:4)
  5 iguanas
  An orc wizard (D:4)
  6 adders
  10 gnolls
  A white imp (D:8)
  4 ufetubi (D:5)
  3 worms
  2 dart slugs
  21 orcs
  7 ball pythons
  7 bats
  7 endoplasms
  3 giant cockroaches
  5 goblins
  5 hobgoblins
  5 jackals (D:2)
  9 kobolds
  2 quokkas
  3 frilled lizards
  5 rats
  A bush (D:5)
133 creatures vanquished.

Vanquished Creatures (others)
  8 plants (D:5)
8 creatures vanquished.

Grand Total: 141 creatures vanquished

Notes
Turn   | Place    | Note
-------+----------+-------------------------------------------
     0 | D:1      | nachturnus the Vampire Brigand began the quest for the Orb.
     0 | D:1      | Reached XP level 1. HP: 16/16 MP: 1/1
    93 | D:1      | Reached skill level 6 in Stealth
   211 | D:1      | Reached XP level 2. HP: 22/22 MP: 2/2
   817 | D:2      | Gained mutation: You are afflicted with vampirism and can
                  | become a bat while bloodless. [Vampire growth]
   817 | D:2      | Reached XP level 3. HP: 27/27 MP: 3/3
  1811 | D:3      | Reached XP level 4. HP: 28/33 MP: 4/4
  2118 | D:3      | Reached skill level 7 in Stealth
  2591 | D:3      | Found an ornate altar of the Wu Jian Council.
  3000 | D:4      | Noticed a scorpion
  3208 | D:4      | Reached skill level 5 in Short Blades
  3208 | D:4      | Reached XP level 5. HP: 35/38 MP: 5/5
  3223 | D:4      | Reached skill level 8 in Stealth
  3223 | D:4      | Reached XP level 6. HP: 44/44 MP: 6/6
  3265 | D:4      | Found an opulent altar of Gozag.
  3302 | D:4      | Found a staircase to the Ecumenical Temple.
  3344 | Temple   | Entered the Ecumenical Temple
  4223 | D:5      | Entered Level 5 of the Dungeon
  4270 | D:5      | Reached XP level 7. HP: 49/49 MP: 7/7
  4521 | D:5      | Reached skill level 9 in Stealth
  4921 | D:5      | Reached skill level 10 in Stealth
  5026 | D:5      | Reached XP level 8. HP: 48/55 MP: 8/8
  5347 | D:5      | Gained mutation: You are partially covered in iridescent
                  | scales. (AC +2) [potion of mutation]
  5644 | D:6      | Lost mutation: You are partially covered in iridescent
                  | scales. (AC +2) [potion of mutation]
  5644 | D:6      | Gained mutation: You are clumsy. (Dex -2) [potion of
                  | mutation]
  5644 | D:6      | Gained mutation: Your flesh is heat resistant. (rF+)
                  | [potion of mutation]
  5645 | D:6      | Lost mutation: Your flesh is heat resistant. (rF+) [potion
                  | of mutation]
  5645 | D:6      | Lost mutation: You are clumsy. (Dex -2) [potion of
                  | mutation]
  5645 | D:6      | Gained mutation: You have sharp toenails. [potion of
                  | mutation]
  5645 | D:6      | Gained mutation: Your spells are a little harder to cast,
                  | but a little more powerful. [potion of mutation]
  5645 | D:6      | Gained mutation: You have a pair of small antennae on your
                  | head. [potion of mutation]
  5765 | D:6      | Found a shadowy altar of Dithmenos.
  5808 | D:6      | Became a worshipper of Dithmenos the Shadowed
  5915 | D:6      | Found a runed translucent door.
  5916 | D:6      | Noticed Crazy Yiuf
  6068 | D:6      | Killed Crazy Yiuf
  6215 | D:7      | Found a runed translucent door.
  6215 | D:7      | Noticed a sixfirhy
  6520 | D:7      | Reached skill level 11 in Stealth
  6554 | D:6      | Identified a scroll of acquirement
  6554 | D:6      | Acquired 747 gold pieces
  6628 | D:7      | Reached skill level 10 in Short Blades
  6760 | D:7      | Noticed Joseph
  6778 | D:7      | Killed Joseph
  6779 | D:7      | Reached skill level 12 in Stealth
  6779 | D:7      | Reached XP level 9. HP: 42/61 MP: 0/9
  7075 | D:7      | HP: 3/61 [hornet (12)]
  7075 | D:7      | Mangled by a hornet

Illustrated notes

Levels and vault maps discovered:
D:1:      amcnicky_arrival_wind_blow, layout_basic
D:2:      layout_basic, kennysheep_generic_room_9
D:3:      layout_basic, lemuel_tele_altar, grunt_decor_cap
D:4:      layout_gridville, pdpol_temple_overflow_zin_treasury_gozag_greed,
          minmay_temple_entry_junction_2, st_stairs_4
D:5:      layout_loops_cross, hangedman_abyss_or_decor_passed,
          lexackson_kobold_supper
D:6:      layout_basic, general_overflow_altar, uniq_crazy_yiuf_cottage
D:7:      cheibrodos_shockbox, layout_basic, uniq_joseph
D:8:      layout_loops_cross, makhleb_blood_cavern_becter,
          nicolae_overflow_squiral, ebering_ghost_reflecting_pool,
          nicolae_shop_fire_sale [nicolae_sub_dead_trees]
Temple:   chequers_temple_sunken

Skill      XL: |  1  2  3  4  5  6  7  8 |
---------------+-------------------------+-----
Stealth        | 6 7 8 10 12 | 12.0
Short Blades   | 3 4 5 7 8 10 | 10.8
Fighting       | |  1.7
Throwing       | |  1.5
Dodging        | |  1.1

Action                   |  1- 3 |  4- 6 |  7- 9 || total
-------------------------+-------+-------+-------++-------
Melee: Dagger            |   102 |   125 |   237 ||   464
       Bite              |     6 |    12 |    46 ||    64
       Punch             |     1 |     2 |     2 ||     5
       Short sword       |       |       |    53 ||    53
Throw: Dart              |       |     1 |       ||     1
  Use: Scroll            |     4 |       |    12 ||    16
       Potion            |       |       |     3 ||     3
 Stab: Sleeping          |    16 |    11 |    10 ||    37
       Distracted        |       |     1 |     2 ||     3
Armor: Robe              |    21 |    12 |       ||    33
       Leather armour    |       |    20 |    47 ||    67
Dodge: Dodged            |    49 |    48 |    83 ||   180
